 Dungeon Crawl Stone Soup version 0.29-a0-330-g52719c12eb (webtiles) character file.

Game seed: 1151206955460639530

58 kae the Firebug (level 4, -3/25 HPs)
             Began as a Tengu Fire Elementalist on Apr 15, 2022.
             Slain by a gnoll
             ... wielding a +0 spear
              (7 damage)
             ... on level 2 of the Dungeon.
             The game lasted 00:01:30 (2147 turns).

kae the Firebug (Tengu Fire Elementalist)           Turns: 2147, Time: 00:01:31

Health: -3/25      AC:  2    Str:  8    XL:     4   Next: 1%
Magic:  7/8        EV: 12    Int: 18    God:
Gold:   88         SH:  0    Dex: 14    Spells: 1/7 levels left

rFire   . . .      SeeInvis .   i - +3 dagger (venom)
rCold   . . .      Faith    .   (no shield)
rNeg    . . .      Spirit   .   a - +0 robe
rPois   .          Reflect  .   (helmet restricted)
rElec   .          Harm     .   (no cloak)
rCorr   .          Rampage  .   (no gloves)
Will    .....                   (boots unavailable)
Stlth   ++........              (no amulet)
HPRegen 0.08/turn               (no ring)
MPRegen 0.11/turn               (no ring)

@: very slightly contaminated
A: beak, talons 3
a: no special abilities


You were on level 2 of the Dungeon.
You visited 1 branch of the dungeon, and saw 2 of its levels.

You collected 88 gold pieces.

Inventory:

Hand Weapons
 d - a +0 dagger
 i - a +3 dagger of venom (weapon)
Armour
 a - a +0 robe (worn)
 c - a +1 hat
Jewellery
 j - the amulet "Heupsech" {RegenMP rF+ Regen+ Stlth+}
   (You found it on level 2 of the Dungeon)

   [amulet of magic regeneration]

   It increases your rate of magic regeneration.
   rF:        It protects you from fire.
   Regen:     It increases your rate of health regeneration.
   Stlth:     It makes you more stealthy.
Scrolls
 g - a scroll of teleportation
 h - a scroll of identify
Potions
 b - a potion of magic
 e - 2 potions of curing
 f - a potion of invisibility


   Skills:
 + Level 1.0 Fighting
 + Level 2.7 Dodging
 - Level 2.0 Stealth
 + Level 2.3 Spellcasting
 + Level 2.4 Conjurations
 * Level 4.0 Fire Magic


You had one spell level left.
You knew the following spells:

 Your Spells              Type           Power      Damage    Failure   Level
a - Foxfire               Conj/Fire      52%        2x1d6     4%          1
b - Scorch                Fire           32%        2d7       4%          2
c - Conjure Flame         Conj/Fire      13%        6-21      14%         3

Your spell library contained the following spells:

 Spells                   Type           Power      Damage    Failure   Level
 Inner Flame              Hex/Fire       9%         N/A       22%         3
 Flame Wave               Conj/Fire      13%        2d6       41%         4


Dungeon Overview and Level Annotations

Branches:
Dungeon (2/15)

Altars:

Shops:
D:1 =


Innate Abilities, Weirdness & Mutations

You have a beak for a mouth.
You have claws for feet.


Message History

You don't have any unidentified items.
Things that are here:
a +0 club; 5 stones A gnoll comes into view.
It is wielding a +0 spear.
Found a stone staircase leading down.
A gnoll is nearby!
A gnoll is nearby!
A gnoll is nearby!
Casting: Foxfire (safe; 4% risk of failure)
Confirm with . or Enter, or press ? or * to list all spells.
You miscast Foxfire.
You are very lightly contaminated with residual magic.
Nothing appears to happen.
The gnoll hits you from afar with a +0 spear!
Found a leather armour.
The gnoll completely misses you.
You closely miss the gnoll. You claw the gnoll. Your peck misses the gnoll.
The gnoll is lightly wounded.
The gnoll hits you with a +0 spear.
You are too injured to fight recklessly!
You are too injured to fight recklessly!
You are too injured to fight recklessly!
You are too injured to fight recklessly!
You are too injured to fight recklessly!
You are too injured to fight recklessly!
You barely miss the gnoll. You claw the gnoll. Your peck misses the gnoll.
The gnoll is moderately wounded.
The gnoll hits you with a +0 spear.
You hit the gnoll but do no damage.
The gnoll is poisoned.
You claw the gnoll. Your peck misses the gnoll.
The gnoll is heavily wounded.
The gnoll hits you with a +0 spear.
* * * LOW HITPOINT WARNING * * *
You barely miss the gnoll. You claw the gnoll.
The gnoll is severely wounded.
The gnoll hits you with a +0 spear.
* * * LOW HITPOINT WARNING * * *
You closely miss the gnoll.
The gnoll is severely wounded.
The gnoll hits you with a +0 spear!
You die...

** ,* ########## ,* #........#
,*######........########*
,*#.....................*
,++...........##........*
,*#........##.##@.......********
,*####+###.##.###g##.##.**,,,,,*
**#.........#)#*,.#*,.#,**,,,,,*
.##......#..#+##*#.,**#,**,,,,,*
.##............#**>.***,**,,,,,**
.*####.........#,,##.,*,**,,,,,,,
#* #...>.......#,**[#,,,,,,,,,*,
#####...#.#.#..##,*,,#*,**,,,*,*,
##.##...#.#.#....,,,,,*,,,,*,*,*,


You could see a gnoll (very poisoned).

Vanquished Creatures
  A worm (D:2)
  2 dart slugs
  3 endoplasms
  2 giant cockroaches (D:2)
  8 goblins
  A hobgoblin (D:2)
  3 jackals (D:1)
  7 kobolds
  3 quokkas
  4 ball pythons
  5 bats
  3 frilled lizards (D:1)
  6 rats
48 creatures vanquished.

Vanquished Creatures (others)
  89 foxfires
  5 plants (D:2)
94 creatures vanquished.

Grand Total: 142 creatures vanquished

Notes
Turn   | Place    | Note
-------+----------+-------------------------------------------
     0 | D:1      | kae the Tengu Fire Elementalist began the quest for the
                  | Orb.
     0 | D:1      | Reached XP level 1. HP: 10/10 MP: 4/4
   321 | D:1      | Reached XP level 2. HP: 14/15 MP: 1/6
   462 | D:1      | Found Duclioveg's Jewellery Shop.
   943 | D:1      | Reached XP level 3. HP: 20/20 MP: 3/7
  1001 | D:1      | Learned a level 2 spell: Scorch
  1005 | D:1      | Learned a level 3 spell: Conjure Flame
  1013 | D:1      | Found a faded altar of an unknown god.
  1040 | D:1      | Noticed a floating eye
  1040 | D:1      | Noticed an eye of devastation
  1101 | D:1      | Noticed a shining eye
  1101 | D:1      | Noticed a shining eye
  1659 | D:2      | Identified the amulet "Heupsech" {RegenMP rF+ Regen+
                  | Stlth+}
  1684 | D:2      | Reached skill level 4 in Fire Magic
  1898 | D:2      | Reached skill level 1 in Fighting
  2104 | D:2      | Reached XP level 4. HP: 22/25 MP: 8/8
  2147 | D:2      | Slain by a gnoll

Illustrated notes

Levels and vault maps discovered:
D:1:      wander_arrival_chamber, layout_rooms,
          hellmonk_ecumenical_altar_watching_god, serial_shops,
          nicolae_shop_trees
D:2:      layout_basic, serial_bayou_ford_a, st_stairs_7,
          minmay_worlds_worst_comb

Skill      XL: |  1  2  3 |
---------------+----------+-----
Conjurations   | 2 |  2.4
Fire Magic     | 4 |  4.0
Fighting       | 1 |  1.0
Dodging        | |  2.7
Stealth        | |  2.0
Spellcasting   | |  2.3

Action                   |  1- 3 |  4- 6 || total
-------------------------+-------+-------++-------
Melee: Unarmed           |     5 |       ||     5
       Kick              |    14 |     4 ||    18
       Dagger            |    46 |     5 ||    51
       Peck              |     4 |       ||     4
 Cast: Foxfire           |    55 |       ||    55
       Scorch            |     2 |       ||     2
  Use: Scroll            |     4 |     1 ||     5
       Potion            |     1 |       ||     1
 Stab: Sleeping          |     4 |       ||     4
Armor: Robe              |    17 |       ||    17
Dodge: Dodged            |    49 |     1 ||    50

Table legend: (Time is in decaauts)
 A = Elapsed time spent in this place.
 B = Non-inter-level travel time spent in this place.
 C = Inter-level travel time spent in this place.
 D = Time resting spent in this place.
 E = Time spent auto-exploring this place.
 F = Levels seen in this place.
 G = Mean time per level.
                   A        B        C        D        E       F      G
               +--------+--------+--------+--------+--------+-----+--------+
         Total |   2147 |   2098 |     49 |     60 |   1717 |   2 | 1073.5 |
       Dungeon |   2147 |   2098 |     49 |     60 |   1717 |   2 | 1073.5 |
               +--------+--------+--------+--------+--------+-----+--------+

Top non-repeatable levels by time:
     D:1: 1442 daAuts
     D:2: 705 daAuts
